 Dungeon Crawl Stone Soup version 0.30-a0-135-g630cfc4551 (webtiles) character file.

Game seed: 11005813751504639895

191 juncz the Chiller (level 5, -12/38 HPs)
             Began as a Draconian Ice Elementalist on Sept 20, 2022.
             Blown up by a gnoll (17 damage)
             ... with a mindburst bolt
             ... on level 3 of the Dungeon.
             The game lasted 00:07:51 (3935 turns).

juncz the Chiller (Draconian Ice Elementalist)      Turns: 3935, Time: 00:07:52

Health: -12/38     AC:  6    Str: 10    XL:     5   Next: 42%
Magic:  1/10       EV: 12    Int: 18    God:
Gold:   108        SH:  0    Dex: 11    Spells: 4/11 levels left

rFire   . . .      SeeInvis .    v - +1 spear (venom)
rCold   . . .      Faith    .    (no shield)
rNeg    . . .      Spirit   .    (body armour unavailable)
rPois   .          Reflect  .    (helmet restricted)
rElec   .          Harm     .    (no cloak)
rCorr   .          Rampage  .    g - +0 pair of gloves
Will    .....                    (no boots)
Stlth   ++........               (no amulet)
HPRegen 0.12/turn                (no ring)
MPRegen 0.12/turn                (no ring)

@: no status effects
A: AC +5, unfitting armour, cold-blooded
a: no special abilities


You were on level 3 of the Dungeon.
You visited 1 branch of the dungeon, and saw 3 of its levels.

You collected 108 gold pieces.

Inventory:

Hand Weapons
 v - a +1 spear of venom (weapon)
Missiles
 c - 28 stones (quivered)
Armour
 g - a +0 pair of gloves (worn)
Jewellery
 m - the ring of Balekh {*Slow +Blink Fly AC+4 Int+2 Dex+7}
   (You found it on level 2 of the Dungeon)

   [ring of protection]

   AC:        It affects your AC (+4).
   Int:       It affects your intelligence (+2).
   Dex:       It affects your dexterity (+7).
   Fly:       It grants you flight.
   +Blink:    It lets you blink.
   *Slow:     It may slow you when you take damage.
Scrolls
 e - 6 scrolls of identify {unknown}
 f - a scroll of blinking {unknown}
 h - a scroll of poison {unknown}
 i - a scroll of torment {unknown}
 j - a scroll of noise {unknown}
 k - a scroll of immolation {unknown}
 p - a scroll of enchant armour {unknown}
 q - 3 scrolls of butterflies {unknown}
 s - a scroll of teleportation {unknown}
 t - a scroll of magic mapping {unknown}
 w - a scroll of brand weapon {unknown}
Potions
 a - a potion of magic
 b - 2 potions of curing {unknown}
 d - 2 potions of haste {unknown}
 l - a potion of degeneration {unknown}
 n - a potion of heal wounds {unknown}
 o - 2 potions of lignification {unknown}
 r - a potion of invisibility {unknown}
 u - a potion of attraction {unknown}


   Skills:
 - Level 2.0 Dodging
 - Level 2.0 Stealth
 + Level 3.8 Spellcasting
 + Level 5.4 Ice Magic


You had 4 spell levels left.
You knew the following spells:

 Your Spells              Type           Power      Damage    Failure   Level
a - Freeze                Ice            92%        1d10      1%          1
b - Frozen Ramparts       Ice            46%        1d7       4%          3
c - Ozocubu's Armour      Ice            23%        N/A       4%          3

Your spell library contained the following spells:

 Spells                   Type           Power      Damage    Failure   Level
 Blink                    Tloc           6%         N/A       22%         2
 Hailstorm                Conj/Ice       13%        3d5       43%         4
 Manifold Assault         Tloc           3%         N/A       83%         4
 Storm Form               Tmut/Air       1%         N/A       100%        7


Dungeon Overview and Level Annotations

Branches:
Dungeon (3/15)

Altars:


Innate Abilities, Weirdness & Mutations

Your plain brown scales are hard. (AC +5)
You cannot fit into any form of body armour.
You are cold-blooded and may be slowed by cold attacks.


Message History

A gnoll comes into view.
It is wielding a +0 flail and carrying a wand of mindburst (13).
A gnoll is nearby!
The frozen ramparts melt away.
Casting: Frozen Ramparts (dangerous; 4% risk of failure)
Confirm with . or Enter, or press ? or * to list all spells.
You don't have enough magic to cast this spell.
You reach to attack!
The gnoll shouts!
You hit the gnoll.
The gnoll is moderately wounded.
Casting: Frozen Ramparts (dangerous; 4% risk of failure)
Confirm with . or Enter, or press ? or * to list all spells.
Aiming: Freeze (safe; 1% risk of failure)
Press: ? - help, Shift-Dir - straight line, f/p - gnoll
Aim: a gnoll, wielding a +0 flail and carrying a wand of mindburst (13) (moderately wounded)
You freeze the gnoll.
The gnoll is moderately wounded.
The gnoll zaps a wand.
Your mind is blasted!
Casting: Freeze (safe; 1% risk of failure)
Confirm with . or Enter, or press ? or * to list all spells.
Aiming: Freeze (safe; 1% risk of failure)
Press: ? - help, Shift-Dir - straight line, f/p - gnoll
Aim: a gnoll, wielding a +0 flail and carrying a wand of mindburst (12) (moderately wounded)
You freeze the gnoll.
The gnoll is heavily wounded.
The gnoll zaps a wand.
Your mind is blasted!
* * * LOW HITPOINT WARNING * * *
You closely miss the gnoll. You tail-slap the gnoll.
The gnoll is severely wounded.
The gnoll barely misses you.
You barely miss the gnoll.
The gnoll is severely wounded.
The gnoll barely misses you.
You barely miss the gnoll.
The gnoll is severely wounded.
The gnoll closely misses you.
You barely miss the gnoll.
The gnoll is severely wounded.
The gnoll zaps a wand.
Your mind is blasted!
You die...

###..# #.#≈~≈~≈#.....#.†..#≈.#≈
#..# #.#~≈~≈~#.##..###.≈≈~.#≈
#..# #.#≈~≈~≈#...............
#..#####.###'######.........≈..
#.............# #.........≈~..
###.########...##
#....#..#≈~>.. .....# #...#
##....#..#≈.... .....#
#...###...............
.....#####
#....@g).....#..#.....
.........#
#.......#.##.#..#.....
########.# #.#####.# .......
#.# #.# .# .#..... #.# #.. ..
####.#### .## #.......# ..
#.##.##.# .. # #.##.##.#


You could see a gnoll.

Vanquished Creatures
  2 iguanas
  3 gnolls (D:3)
  6 adders
  3 dart slugs
  5 ball pythons
  5 bats
  7 endoplasms
  2 goblins
  4 hobgoblins
  4 jackals (D:2)
  A kobold (D:2)
  2 quokkas
  5 frilled lizards
  5 rats
54 creatures vanquished.

Notes
Turn   | Place    | Note
-------+----------+-------------------------------------------
     0 | D:1      | juncz the Draconian Ice Elementalist began the quest for
                  | the Orb.
     0 | D:1      | Reached XP level 1. HP: 14/14 MP: 3/3
   606 | D:1      | Reached XP level 2. HP: 10/20 MP: 1/5
  1541 | D:2      | Identified the ring of Balekh {*Slow +Blink Fly AC+4 Int+2
                  | Dex+7}
  1583 | D:2      | Reached XP level 3. HP: 26/26 MP: 3/6
  1755 | D:2      | Learned a level 3 spell: Frozen Ramparts
  1759 | D:2      | Learned a level 3 spell: Ozocubu's Armour
  1882 | D:2      | Found a faded altar of an unknown god.
  2571 | D:2      | Reached XP level 4. HP: 33/33 MP: 2/8
  3005 | D:3      | Reached skill level 5 in Ice Magic
  3243 | D:3      | Reached XP level 5. HP: 38/38 MP: 3/10
  3935 | D:3      | Blown up by a gnoll

Illustrated notes

Levels and vault maps discovered:
D:1:      dpeg_arrival_rooms_b, layout_loops_ring, minmay_tetromino_l2
D:2:      layout_rooms, shapermc_ecumenical_altar_acropolis
D:3:      layout_basic, serial_rivers, chequers_serial_rivers_micro_a,
          chequers_serial_rivers_room_a, chequers_serial_rivers_room_b,
          chequers_serial_rivers_room_b, chequers_serial_rivers_small_b,
          chequers_serial_rivers_large_a

Skill      XL: |  1  2  3  4 |
---------------+-------------+-----
Stealth        | 2 |  2.0
Dodging        | 2 |  2.0
Spellcasting   | 3 |  3.8
Ice Magic      | 5 |  5.4

Action                   |  1- 3 |  4- 6 || total
-------------------------+-------+-------++-------
Melee: Unarmed           |     7 |       ||     7
       Punch             |     1 |       ||     1
       Tailslap          |     1 |     1 ||     2
       Spear             |       |    12 ||    12
Throw: Stone             |     2 |     6 ||     8
 Cast: Freeze            |    59 |    15 ||    74
       Frozen Ramparts   |     6 |    13 ||    19
Armor: Skin              |    11 |     1 ||    12
Dodge: Dodged            |    37 |     9 ||    46

Table legend: (Time is in decaauts)
 A = Elapsed time spent in this place.
 B = Non-inter-level travel time spent in this place.
 C = Inter-level travel time spent in this place.
 D = Time resting spent in this place.
 E = Time spent auto-exploring this place.
 F = Levels seen in this place.
 G = Mean time per level.
                   A        B        C        D        E       F      G
               +--------+--------+--------+--------+--------+-----+--------+
         Total |   3941 |   3890 |     51 |   1459 |   2039 |   3 | 1313.7 |
       Dungeon |   3941 |   3890 |     51 |   1459 |   2039 |   3 | 1313.7 |
               +--------+--------+--------+--------+--------+-----+--------+

Top non-repeatable levels by time:
     D:1: 1521 daAuts
     D:2: 1395 daAuts
     D:3: 1024 daAuts
